 Dungeon Crawl Stone Soup version 0.29.1-13-g9f3cf754e1 (webtiles) character file.

Game seed: 14259545264663378581

14 concernfroge the Scratcher (level 2, 0/12 HPs)
             Began as a Felid Transmuter on Jan 28, 2023.
             Slain by a goblin
             ... wielding a +0 dagger
              (4 damage)
             ... on level 1 of the Dungeon.
             The game lasted 00:00:55 (442 turns).

concernfroge the Scratcher (Felid Transmuter)        Turns: 442, Time: 00:00:56

Health: 0/12       AC:  1    Str:  6    XL:     2   Next: 31%
Magic:  6/6        EV: 17    Int: 14    God:
Gold:   22         SH:  0    Dex: 16    Spells: 4/5 levels left
                                        Lives:  0   Deaths: 0

rFire   . . .      SeeInvis +     - Unarmed
rCold   . . .      Faith    .   (shield unavailable)
rNeg    . . .      Spirit   .   (body armour unavailable)
rPois   .          Reflect  .   (helmet unavailable)
rElec   .          Harm     .   (cloak unavailable)
rCorr   .          Rampage  .   (gloves unavailable)
Will    .....                   (boots unavailable)
Stlth   ++........              (no amulet)
HPRegen 0.04/turn               (no ring)
MPRegen 0.10/turn               (no ring)

@: quick
A: very small, claws 1, fangs 3, see invisible, speed 1, shaggy fur 1, stealthy
paws, no weapons or thrown items, no armour, multi-lived
a: no special abilities


You were on level 1 of the Dungeon.
You visited 1 branch of the dungeon, and saw 1 of its levels.

You collected 22 gold pieces.

Inventory:

Scrolls
 a - a scroll of enchant armour {unknown}
 b - 2 scrolls of teleportation {unknown}


   Skills:
 - Level 1.0 Fighting
 + Level 3.1 Dodging
 + Level 1.3 Stealth
 + Level 3.2 Unarmed Combat
 - Level 2.0 Spellcasting
 + Level 2.5 Transmutations


You had 4 spell levels left.
You knew the following spells:

 Your Spells              Type           Power      Damage    Failure   Level
a - Beastly Appendage     Tmut           16%        N/A       9%          1

Your spell library contained the following spells:

 Spells                   Type           Power      Damage    Failure   Level
 Wereblood                Tmut           8%         N/A       13%         2
 Spider Form              Tmut/Pois      4%         N/A       38%         3
 Ice Form                 Ice/Tmut       4%         N/A       80%         4


Dungeon Overview and Level Annotations

Branches:
Dungeon (1/15)

Altars:


Innate Abilities, Weirdness & Mutations

You have sharp claws.
You have razor-sharp teeth.
You have supernaturally acute eyesight. (SInv)
You cover ground quickly. (Speed+)
You are covered in fur. (AC +1)
Your paws help you pounce on unaware monsters.
You are incapable of wielding weapons or throwing items.
You cannot wear armour.
You gain extra lives every three experience levels.


Message History

You are frozen.
You scratch the endoplasm.
The endoplasm is almost dead.
The endoplasm closely misses you.
You scratch the endoplasm.
You kill the endoplasm!
No target in view!
No target in view!
You now have 22 gold pieces (gained 4).
A bat comes into view.
A bat is nearby!
You scratch the bat.
You kill the bat!
No target in view!
No target in view!
No target in view!
You see here a bat corpse.
A kobold comes into view.
It is wielding a +1 dagger of holy wrath.
The kobold shouts!
A goblin comes into view. It is wielding a +0 dagger.
The kobold barely misses you.
You closely miss the kobold.
The goblin shouts!
The kobold hits you with a +1 dagger of holy wrath.
You scratch the kobold. You bite the kobold.
You kill the kobold!
The goblin hits you with a +0 dagger.
Things that are here:
a +1 dagger of holy wrath; a kobold corpse You scratch the goblin.
The goblin is heavily wounded.
The goblin hits you with a +0 dagger.
You are too injured to fight recklessly!
You are too injured to fight recklessly!
You are too injured to fight recklessly!
You are too injured to fight recklessly!
You scratch the goblin.
The goblin is severely wounded.
The goblin hits you with a +0 dagger.
You die...

. #.......###.#
#...##### #.###
#.# #.# # #.## ##.
#..# #.## ##.#
#g.# #.# #@# #.#
#.# ##.## #.#
#.†.###.#.####
#....#.......=....
#......###########
........##
###..... ......#


You could see a goblin.

Vanquished Creatures
  A gnoll (D:1)
  An endoplasm (D:1)
  A bat (D:1)
  2 kobolds (D:1)
  A rat (D:1)
6 creatures vanquished.

Notes
Turn   | Place    | Note
-------+----------+-------------------------------------------
     0 | D:1      | concernfroge the Felid Transmuter began the quest for the
                  | Orb.
     0 | D:1      | Reached XP level 1. HP: 9/9 MP: 4/4
    63 | D:1      | Reached skill level 1 in Stealth
    63 | D:1      | Reached XP level 2. HP: 7/12 MP: 6/6
   442 | D:1      | Slain by a goblin

Illustrated notes

Levels and vault maps discovered:
D:1:      dpeg_arrival_pits, layout_loops_ring, minmay_unequal

Skill      XL: |  1 |
---------------+----+-----
Dodging        | 3 |  3.1
Stealth        | 1 |  1.3
Fighting       | |  1.0
Unarmed Combat | |  3.2
Spellcasting   | |  2.0
Transmutations | |  2.5

Action                   || total
-------------------------++-------
Melee: Unarmed           ||    16
       Punch             ||     1
       Bite              ||     1
  Use: Potion            ||     1
 Stab: Sleeping          ||     1
Armor: Skin              ||     4
Dodge: Dodged            ||     3
